 Dungeon Crawl Stone Soup version 0.29.1-12-g30fa7ad0bf (webtiles) character file.

Game seed: 7460523402397431963

17 hawla the Chiller (level 3, 0/26 HPs)
             Began as a Meteoran Ice Elementalist on Dec 24, 2022.
             Succumbed to an orc wizard's poison
             ... on level 3 of the Dungeon.
             The game lasted 00:01:21 (162 turns).

hawla the Chiller (Meteoran Ice Elementalist)        Turns: 162, Time: 00:01:21

Health: 0/26       AC:  4    Str:  9    XL:     3   Next: 2%
Magic:  8/8        EV: 12    Int: 18    God:
Gold:   21         SH:  0    Dex: 15    Spells: 6/7 levels left

rFire   . . .      SeeInvis .   (no weapon)
rCold   . . .      Faith    .   (no shield)
rNeg    . . .      Spirit   .   a - +0 robe
rPois   .          Reflect  .   c - +1 helmet
rElec   .          Harm     .   (no cloak)
rCorr   .          Rampage  .   (no gloves)
Will    .....                   (no boots)
Stlth   +.........              (no amulet)
HPRegen 0.08/turn               (no ring)
MPRegen 0.11/turn               (no ring)

@: confused, lethally poisoned (0 -> -24), glowing
A: sense surroundings 1, otherworldly, glowing, explore regen
a: no special abilities


You were on level 3 of the Dungeon.
You visited 1 branch of the dungeon, and saw 3 of its levels.

You collected 21 gold pieces.

Inventory:

Armour
 a - a +0 robe (worn)
 c - a +1 helmet (worn)
Scrolls
 d - a scroll of teleportation {unknown}


   Skills:
 + Level 2.4 Dodging
 - Level 1.4 Stealth
 + Level 2.9 Spellcasting
 + Level 5.0 Ice Magic


You had 6 spell levels left.
You knew the following spells:

 Your Spells              Type           Power      Damage    Failure   Level
a - Freeze                Ice            80%        1d9       1%          1

Your spell library contained the following spells:

 Spells                   Type           Power      Damage    Failure   Level
 Frozen Ramparts          Ice            40%        1d7       6%          3
 Ozocubu's Armour         Ice            20%        N/A       6%          3
 Hailstorm                Conj/Ice       11%        3d5       50%         4


Dungeon Overview and Level Annotations

Branches:
Dungeon (3/15) Zot: 1638

Altars:
Cheibriados
Trog


Innate Abilities, Weirdness & Mutations

You passively map a small area around you.
You are easily found by Zot.
You glow in the dark.
You regain HP and MP as you explore.


Message History

Aiming: Freeze (safe; 2% risk of failure)
Press: ? - help, Shift-Dir - straight line, f - orc
Aim: an orc, wielding a +0 club (almost dead)
You freeze the orc.
You kill the orc!
You have reached level 3!
Your experience leads to an increase in your attributes!
Increase (S)trength, (I)ntelligence, or (D)exterity?
You feel clever. x2; You feel agile.
Found 6 stones and a potion of magic.
An adder comes into view.
Found 6 gold pieces, a scroll labelled JUBU WAGRAA and 6 curare-tipped darts.
The adder hisses angrily.
Found a club.
Found a stone staircase leading up.
A magic dart appears from out of thin air!
The magic dart hits you.
You closely miss the adder. The adder bites you but does no damage.
The adder bites you but does no damage.
You hear some strange, mumbled words.
You are confused.
The adder bites you but does no damage. The orc hits you with a +0 dagger.
The orc barely misses you.
You miss the orc. The adder closely misses you.
The adder bites you but does no damage. The orc closely misses you.
Something hits you.
You are poisoned.
The orc hits you but does no damage.
You're too confused to cast spells.
Sorry, you're not good enough to have a special ability.
You aren't carrying any potions.
You are too confused!
You miss something.
You feel very sick. The adder bites you but does no damage.
The orc hits you but does no damage. Something hits you.
You are more poisoned.
The orc hits you with a +0 mace.
* * * LOW HITPOINT WARNING * * *
Found 14 gold pieces.
You die...

* , , * ,,.#...$##,, *
### ##...!.(.
....#####...)#...#*
.......... #....# , *
...##.$$###....# #.*
.......#......? , ..#
##.........## *
.....###..)....{@..####..
++###.S..#.....o.........
....#####).....o#S..$##.#
≈≈≈.##...................
,
..≈.#...<................
_.≈.#.)..##.###......<...
....#.......# #..........
#####....#### ...........
* ........## #..(........
, *


You could see an adder and 2 orcs.

Vanquished Creatures
  An adder (D:3)
  2 orcs (D:3)
  An endoplasm (D:1)
  A kobold (D:1)
  2 frilled lizards (D:1)
7 creatures vanquished.

Notes
Turn   | Place    | Note
-------+----------+-------------------------------------------
     0 | D:1      | hawla the Meteoran Ice Elementalist began the quest for the
                  | Orb.
     0 | D:1      | Reached XP level 1. HP: 14/14 MP: 5/5
   133 | D:3      | Found a bloodstained altar of Trog.
   137 | D:3      | Found a snail-covered altar of Cheibriados.
   143 | D:3      | Reached skill level 5 in Ice Magic
   143 | D:3      | Reached XP level 2. HP: 20/20 MP: 3/6
   151 | D:3      | Reached XP level 3. HP: 21/26 MP: 4/8
   162 | D:3      | Succumbed to an orc wizard's poison

Illustrated notes

Levels and vault maps discovered:
D:1:      onia_arrival_pyramid, layout_basic
D:2:      layout_basic
D:3:      layout_rooms, cheibriados_altar_1, mainiacjoe_overflow_alcove_4,
          ebering_ecumenical_altar_box, serial_shops, shop,
          kennysheep_flooded_box, minmay_goblin_outpost, uniq_grinder

Skill      XL: |  1 |
---------------+----+-----
Ice Magic      | 5 |  5.0
Dodging        | |  2.4
Stealth        | |  1.4
Spellcasting   | |  2.9

Action                   || total
-------------------------++-------
Melee: Unarmed           ||     3
 Cast: Freeze            ||    16
  Use: Potion            ||     1
Armor: Robe              ||    14
Dodge: Dodged            ||    12
